 Dungeon Crawl Stone Soup version 0.30.1-1-g62c8e00024 (webtiles) character file.

Game seed: 1332643651424491170

5 croobank the Caller (level 1, 0/13 HPs)
             Began as a Demonspawn Summoner on July 18, 2023.
             Slain by a kobold
             ... wielding a +0 club
              (4 damage)
             ... on level 1 of the Dungeon.
             The game lasted 00:01:51 (237 turns).

croobank the Caller (Demonspawn Summoner)            Turns: 237, Time: 00:01:52

Health: 0/13       AC:  2    Str:  8    XL:     1   Next: 66%
Magic:  2/3        EV: 12    Int: 16    God:
Gold:   9          SH:  0    Dex: 13    Spells: 3/4 levels left

rFire   . . .        (no weapon)
rCold   . . .        (no shield)
rNeg    . . .        a - +0 robe
rPois   .            (no helmet)
rElec   .            (no cloak)
rCorr   .            (no gloves)
SInv    .            (no boots)
Will    .....        (no amulet)
Stlth   ++           (no ring)
HPRegen 0.22/turn    (no ring)
MPRegen 0.08/turn

%: no passive effects
@: no status effects
A: no striking features
a: no special abilities


You were on level 1 of the Dungeon.
You visited 1 branch of the dungeon, and saw 1 of its levels.

You collected 9 gold pieces.

Inventory:

Missiles
 e - 2 boomerangs
Armour
 a - a +0 robe (worn)
Scrolls
 c - a scroll of identify {unknown}
 d - a scroll of enchant weapon {unknown}
 g - a scroll of vulnerability {unknown}
Potions
 b - a potion of magic
 f - a potion of degeneration {unknown}


   Skills:
 + Level 1.9 Dodging
 + Level 1.9 Stealth
 + Level 2.1 Spellcasting
 + Level 4.0 Summonings


You had 3 spell levels left.
You knew the following spells:

 Your Spells              Type           Power      Damage    Failure   Level
a - Summon Small Mammal   Summ           56%        N/A       3%          1

Your spell library contained the following spells:

 Spells                   Type           Power      Damage    Failure   Level
 Call Imp                 Summ           28%        N/A       6%          2
 Call Canine Familiar     Summ           14%        N/A       12%         3
 Summon Guardian Golem    Hex/Summ       8%         N/A       26%         3
 Summon Lightning Spire   Summ/Air       8%         N/A       65%         4


Dungeon Overview and Level Annotations

Branches:
Dungeon (1/15)

Altars:


Message History

The giant cockroach is severely wounded.
Your bat hits the giant cockroach but does no damage.
The giant cockroach misses your bat. The kobold misses you.
The goblin misses you.
You hit the giant cockroach but do no damage.
The giant cockroach is severely wounded.
Your bat barely misses the giant cockroach.
The giant cockroach misses you. The kobold hits you with a +0 club.
Your bat closely misses the giant cockroach.
The goblin hits you but does no damage.
You hit the giant cockroach.
The giant cockroach is almost dead.
Your bat closely misses the giant cockroach.
The giant cockroach closely misses you. The kobold closely misses you.
The goblin closely misses you.
You closely miss the giant cockroach.
The giant cockroach is almost dead.
The giant cockroach misses you. The kobold closely misses you.
The goblin hits you with a +0 dagger.
Your bat closely misses the giant cockroach.
You hit the giant cockroach but do no damage.
The giant cockroach is almost dead.
Your bat hits the giant cockroach but does no damage.
The giant cockroach barely misses you.
Your bat hits the giant cockroach but does no damage.
The kobold closely misses you. The goblin barely misses you.
The giant cockroach closely misses you.
Casting: Summon Small Mammal (safe; 3% risk of failure)
Confirm with . or Enter, or press ? or * to list all spells.
Your bat hits the giant cockroach but does no damage.
The giant cockroach bites your bat but does no damage.
The kobold hits you with a +0 club. The goblin hits you but does no damage.
You hit the giant cockroach but do no damage.
The giant cockroach is almost dead.
Your bat hits the giant cockroach but does no damage.
The giant cockroach closely misses you.
Your quokka barely misses the kobold.
The endoplasm jiggles.
Your bat closely misses the giant cockroach.
The kobold hits you with a +0 club.
You die...

##... #....
## #...g .#
.... .# ###
###... .##
#.. ...#.
..###.# #.#
#..###.......
#.###
#Jg@Bb......
#....#
##K###.###.#
#.# #.###r##
# #)####.#.##
#....##..###
####.......#
#.##..#......
#.##..#######
#†....#


You could see an endoplasm, a giant cockroach (ally target), a goblin, a kobold
(ally target), a friendly quokka (summoned) and a friendly bat (summoned).

Vanquished Creatures (collateral kills)
  A bat (D:1)
  An endoplasm (D:1)
  A hobgoblin (D:1)
  A quokka (D:1)
4 creatures vanquished.

Notes
Turn   | Place    | Note
-------+----------+-------------------------------------------
     0 | D:1      | croobank the Demonspawn Summoner began the quest for the
                  | Orb.
     0 | D:1      | Reached XP level 1. HP: 13/13 MP: 3/3
   237 | D:1      | Slain by a kobold

Illustrated notes

Levels and vault maps discovered:
D:1:      eino_arrival_tree_alley, layout_loops_ring, dk_noncrumbling_2

Action                     || total
---------------------------++-------
  Melee: Unarmed           ||    29
   Cast: Summon Small Mamm ||    12
 Armour: Robe              ||    17
  Dodge: Dodged            ||    39
